 Dungeon Sprint DCSS version 0.30-a0-359-gd0147acb1a (webtiles) character file.

Game seed: 10711066310996618563

23 opdollar the Caller (level 3, -2/27 HPs)
             Began as a Gnoll Summoner on Nov 11, 2022.
             Was an Initiate of Sif Muna.
             Slain by a gnoll
             ... wielding a +0 spear
              (3 damage)
             ... in the Dungeon (Sprint VII: "The Pits").
             The game lasted 00:24:12 (887 turns).

opdollar the Caller (Gnoll Summoner)                 Turns: 887, Time: 00:24:13

Health: -2/27      AC:  2    Str:  7    XL:     3   Next: 0%
Magic:  6/9        EV: 13    Int: 16    God:    Sif Muna [......]
Gold:   0          SH:  0    Dex: 12    Spells: 9/12 levels left

rFire   . . .      SeeInvis .    i - +2 quarterstaff
rCold   . . .      Faith    .    (shield currently unavailable)
rNeg    . . .      Spirit   .    a - +0 robe
rPois   .          Reflect  .    (no helmet)
rElec   .          Harm     .    (no cloak)
rCorr   .          Rampage  .    (no gloves)
Will    .....      NoTele   +    (no boots)
Stlth   +++.......               (no amulet)
HPRegen 0.24/turn                (no ring)
MPRegen 0.11/turn                (no ring)

@: no status effects
A: fangs 1, strong nose, distributed training
a: Renounce Religion


You were in the Dungeon.
You worshipped Sif Muna.
Sif Muna was noncommittal.
You visited 1 branch

Inventory:

Hand Weapons
 h - a +0 flail
 i - a +2 quarterstaff (weapon)
 j - a +2 dagger
 o - a +2 trident
 q - a +2 vorpal trident
 r - a +2 quarterstaff of speed
 s - a +2 long sword of flaming
 t - a +2 dagger of venom
Armour
 a - a +0 robe (worn)
 p - a +3 chain mail
Scrolls
 g - a scroll of blinking
 l - 5 scrolls of amnesia
 m - a scroll of summoning
 n - 2 scrolls of vulnerability
Potions
 b - 5 potions of magic
 c - 6 potions of curing
 d - 6 potions of heal wounds
 e - a potion of haste
 f - 3 potions of berserk rage
 k - 2 potions of invisibility


   Skills:
 + Level 1.8 Fighting
 + Level 1.8 Short Blades
 + Level 1.8 Long Blades
 + Level 1.8 Axes
 + Level 1.8 Maces & Flails
 + Level 1.8 Polearms
 + Level 1.8 Staves
 + Level 1.8 Ranged Weapons
 + Level 1.8 Throwing
 + Level 1.8 Armour
 + Level 4.9 Dodging
 + Level 4.5 Stealth
 + Level 1.8 Shields
 + Level 1.8 Unarmed Combat
 + Level 5.3 Spellcasting
 + Level 1.4 Conjurations
 + Level 1.4 Hexes
 + Level 7.2 Summonings
 + Level 1.4 Necromancy
 + Level 1.4 Translocations
 + Level 1.4 Transmutations
 + Level 1.4 Fire Magic
 + Level 1.4 Ice Magic
 + Level 1.4 Air Magic
 + Level 1.4 Earth Magic
 + Level 1.4 Poison Magic
 + Level 2.0 Invocations
 + Level 1.8 Evocations


You had 9 spell levels left.
You knew the following spells:

 Your Spells              Type           Power      Damage    Failure   Level
a - Summon Small Mammal   Summ           100%       N/A       1%          1
b - Call Imp              Summ           27%        N/A       1%          2

Your spell library contained the following spells:

 Spells                   Type           Power      Damage    Failure   Level
 Call Canine Familiar     Summ           27%        N/A       2%          3
 Summon Guardian Golem    Hex/Summ       18%        N/A       8%          3
 Summon Lightning Spire   Summ/Air       18%        N/A       24%         4


Dungeon Overview and Level Annotations

Branches:
Dungeon (1/1)

Altars:
Ashenzari
Cheibriados
Dithmenos
Elyvilon
Fedhas
Gozag
Hepliaklqana
Kikubaaqudgha
Makhleb
Nemelex Xobeh
Okawaru
Qazlal
Ru
Sif Muna
Trog
Uskayaw
Vehumet
Wu Jian
Xom
Yredelemnul
Zin
The Shining One
Jiyva
Lugonu


Innate Abilities, Weirdness & Mutations

You have very sharp teeth.
Your uncanny sense of smell can sniff out nearby items.
Your experience applies equally to all skills.


Message History

Confirm with . or Enter, or press ? or * to list all spells.
Casting: Summon Small Mammal (safe; 1% risk of failure)
Confirm with . or Enter, or press ? or * to list all spells.
You swap places.
You open the door.
There is an open door, spattered with blood here.
You open the door.
Your quokka barely misses the worm.
You hit the worm.
The worm is moderately wounded.
Your quokka bites the worm.
The worm barely misses you.
You hit the worm. You bite the worm, but do no damage.
The worm is moderately wounded.
Your quokka bites the worm.
Your quokka barely misses the worm.
You hit the worm.
The worm is severely wounded.
The worm bites you!
Your quokka bites the worm.
You hit the worm. Your bite misses the worm.
The worm is almost dead.
Your quokka bites the worm.
The worm dies!
Sif Muna accepts your kill.
You barely miss the ufetubus.
You bite the ufetubus, but do no damage.
The ufetubus is heavily wounded.
Your quokka barely misses the ufetubus.
The ufetubus closely misses you. x2
Your quokka bites the ufetubus.
The ufetubus dies!
Sif Muna accepts your kill.
Your Invocations skill increases to level 2!
You have reached level 3!
Your experience leads to an increase in your attributes!
Increase (S)trength, (I)ntelligence, or (D)exterity?
You feel clever. x2
You hit the iguana but do no damage.
Your quokka closely misses the iguana.
The iguana misses you.
The gnoll hits you from afar with a +0 spear.
You swap places.
Your quokka bites the iguana.
The iguana bites you!
* * * LOW HITPOINT WARNING * * *
The gnoll hits you from afar with a +0 spear.
You die...

############
#_________.#
#_________.#
#_______...########
##########'##......
#..(.')).'.##......
##########.##......
#r@r5.......'......
#l#####'#####......
#g#...#r#[.##......
#h#...#5#..#####'##
#5#...'.#..##......
#.##'####))##......
#.#.)...#..##......
#.#.....#'###...<..
#.#........##......


You could see a black bear, an iguana (ally target), a gnoll, a white imp, a
friendly crimson imp (summoned) and 2 friendly quokkas.

Vanquished Creatures
  A frilled lizard (D)
  A quokka skeleton (D)
  A rat (D)
3 creatures vanquished.

Vanquished Creatures (collateral kills)
  An ufetubus (D)
  An adder zombie (D)
  A worm (D)
  An orc (D)
  A giant cockroach (D)
  A goblin (D)
  2 jackals (D)
  A quokka (D)
9 creatures vanquished.

Grand Total: 12 creatures vanquished

Notes
Turn   | Place    | Note
-------+----------+-------------------------------------------
     0 | D        | opdollar the Gnoll Summoner began the quest for the Orb.
     0 | D        | Reached XP level 1. HP: 13/13 MP: 6/6
    40 | D        | Reached skill level 5 in Spellcasting
   102 | D        | Reached skill level 1 in Fighting
   102 | D        | Reached skill level 1 in Short Blades
   102 | D        | Reached skill level 1 in Long Blades
   102 | D        | Reached skill level 1 in Axes
   102 | D        | Reached skill level 1 in Maces & Flails
   102 | D        | Reached skill level 1 in Polearms
   102 | D        | Reached skill level 1 in Staves
   102 | D        | Reached skill level 1 in Ranged Weapons
   102 | D        | Reached skill level 1 in Throwing
   102 | D        | Reached skill level 1 in Armour
   102 | D        | Reached skill level 1 in Shields
   102 | D        | Reached skill level 1 in Unarmed Combat
   102 | D        | Reached skill level 1 in Invocations
   102 | D        | Reached skill level 1 in Evocations
   375 | D        | Reached skill level 1 in Conjurations
   375 | D        | Reached skill level 1 in Hexes
   375 | D        | Reached skill level 1 in Necromancy
   375 | D        | Reached skill level 1 in Translocations
   375 | D        | Reached skill level 1 in Transmutations
   375 | D        | Reached skill level 1 in Fire Magic
   375 | D        | Reached skill level 1 in Ice Magic
   375 | D        | Reached skill level 1 in Air Magic
   375 | D        | Reached skill level 1 in Earth Magic
   375 | D        | Reached skill level 1 in Poison Magic
   375 | D        | Reached XP level 2. HP: 20/21 MP: 5/8
   739 | D        | Found a bloodstained altar of Trog.
   739 | D        | Found a shimmering blue altar of Sif Muna.
   739 | D        | Found a viscous altar of Jiyva.
   739 | D        | Found a hazy altar of Hepliaklqana.
   739 | D        | Found an opulent altar of Gozag.
   740 | D        | Found a glowing golden altar of the Shining One.
   740 | D        | Found a glowing silver altar of Zin.
   740 | D        | Found a basalt altar of Yredelemnul.
   740 | D        | Found a shimmering altar of Xom.
   740 | D        | Found an ornate altar of the Wu Jian Council.
   740 | D        | Found a sacrificial altar of Ru.
   740 | D        | Found a stormy altar of Qazlal.
   740 | D        | Found an iron altar of Okawaru.
   740 | D        | Found a sparkling altar of Nemelex Xobeh.
   740 | D        | Found a burning altar of Makhleb.
   740 | D        | Found a blossoming altar of Fedhas.
   740 | D        | Found a white marble altar of Elyvilon.
   740 | D        | Found a shadowy altar of Dithmenos.
   740 | D        | Found a snail-covered altar of Cheibriados.
   742 | D        | Found a radiant altar of Vehumet.
   742 | D        | Found a corrupted altar of Lugonu.
   743 | D        | Found a hide-covered altar of Uskayaw.
   743 | D        | Found an ancient bone altar of Kikubaaqudgha.
   743 | D        | Found a broken altar of Ashenzari.
   790 | D        | Became a worshipper of Sif Muna the Loreminder
   799 | D        | Learned a level 2 spell: Call Imp
   825 | D        | Noticed a black bear
   886 | D        | Reached XP level 3. HP: 16/27 MP: 6/9
   887 | D        | HP: 1/27 [iguana (10)]
   887 | D        | Slain by a gnoll

Illustrated notes

Levels and vault maps discovered:
D:        pitsprint [storerooms_1, entrance_room_1, metal_vault_7, armoury_2,
          mini_pit_1, grid_room_1, main_hall_1, silver_pit, the_coven_3,
          the_vestibule_1, steel_vault_2, golden_pit, hallway_of_sentries,
          crystal_vault_5, iron_vault_1, final_vault]

Skill      XL: |  1  2 |
---------------+-------+-----
Spellcasting   | 5 |  5.3
Fighting       | 1 |  1.8
Short Blades   | 1 |  1.8
Long Blades    | 1 |  1.8
Axes           | 1 |  1.8
Maces & Flails | 1 |  1.8
Polearms       | 1 |  1.8
Staves         | 1 |  1.8
Ranged Weapons | 1 |  1.8
Throwing       | 1 |  1.8
Armour         | 1 |  1.8
Shields        | 1 |  1.8
Unarmed Combat | 1 |  1.8
Invocations    | 1 2 |  2.0
Evocations     | 1 |  1.8
Conjurations   | 1 |  1.4
Hexes          | 1 |  1.4
Necromancy     | 1 |  1.4
Translocations | 1 |  1.4
Transmutations | 1 |  1.4
Fire Magic     | 1 |  1.4
Ice Magic      | 1 |  1.4
Air Magic      | 1 |  1.4
Earth Magic    | 1 |  1.4
Poison Magic   | 1 |  1.4
Dodging        | |  4.9
Stealth        | |  4.5
Summonings     | |  7.2

Action                   || total
-------------------------++-------
Melee: Unarmed           ||    27
       Bite              ||     7
       Quarterstaff      ||    14
 Cast: Summon Small Mamm ||    16
       Call Imp          ||     3
 Stab: Sleeping          ||     1
Armor: Robe              ||     8
Dodge: Dodged            ||    26

Table legend: (Time is in decaauts)
 A = Elapsed time spent in this place.
 B = Non-inter-level travel time spent in this place.
 C = Inter-level travel time spent in this place.
 D = Time resting spent in this place.
 E = Time spent auto-exploring this place.
 F = Levels seen in this place.
 G = Mean time per level.
                   A        B        C        D        E       F      G
               +--------+--------+--------+--------+--------+-----+--------+
         Total |    890 |    674 |    216 |    508 |      0 |   1 |  890.0 |
       Dungeon |    890 |    674 |    216 |    508 |      0 |   1 |  890.0 |
               +--------+--------+--------+--------+--------+-----+--------+

Top non-repeatable levels by time:
       D: 890 daAuts
